 Dungeon Crawl Stone Soup version 0.30.0-29-ga12c61a403 (webtiles) character file.

Game seed: 2412765382351105247

358 qw the Chopper (level 6, -6/39 HPs)
             Began as a Gargoyle Fighter on June 4, 2023.
             Mangled by a gnoll
             ... wielding a +0 halberd
              (8 damage)
             ... on level 4 of the Dungeon.
             The game lasted 00:01:29 (3269 turns).

qw the Chopper (Gargoyle Fighter)                   Turns: 3269, Time: 00:01:30

Health: -6/39      AC: 11    Str: 21    XL:     6   Next: 64%
Magic:  6/6        EV:  9    Int:  9    God:
Gold:   253        SH:  4    Dex:  9    Spells: 5/5 levels left

rFire   . . .        Y - +0 war axe
rCold   . . .        c - +0 buckler
rNeg    + . .        b - +0 scale mail
rPois   inf          (no helmet)
rElec   +            (no cloak)
rCorr   .            (no gloves)
SInv    .            (no boots)
Will    +....        (no amulet) Stlth
                     j - ring of willpower
HPRegen 0.26/turn    (no ring)
MPRegen 0.10/turn

%: no passive effects
@: no status effects
A: sickness immunity, AC +4, negative energy resistance 1, electricity
resistance, torment resistance 1, petrification resistance
a: no special abilities


You were on level 4 of the Dungeon.
You visited 1 branch of the dungeon, and saw 4 of its levels.

You collected 253 gold pieces.


Innate Abilities, Weirdness & Mutations

You are immune to sickness and miasma.
Your stone body is resilient. (AC +4)
You are immune to poison.
You resist negative energy. (rN+)
You are resistant to electric shocks. (rElec)
You are resistant to unholy torment.
You are immune to petrification.


   Skills:
 - Level 4.3 Fighting
 - Level 5.6 Axes
 - Level 3.2 Armour
 + Level 0.5 Dodging
 - Level 3.2 Shields


You had 5 spell levels left.
You didn't know any spells.
Your spell library was empty.

Inventory:

Hand Weapons
 m - a +0 flail
 Y - a +0 war axe (weapon)
Armour
 b - a +0 scale mail (worn)
 c - a +0 buckler (worn)
 n - a +0 pair of gloves
Jewellery
 j - a ring of willpower (left hand)
Potions
 a - a potion of flight {unknown}
 d - a potion of might
 f - a potion of brilliance {unknown}
 g - a potion of curing {unknown}
 h - a potion of cancellation {unknown}
 i - a potion of mutation {unknown}
 k - a potion of degeneration {unknown}
 l - a potion of lignification {unknown}
 o - a potion of invisibility {unknown}
 p - 2 potions of haste {unknown}

Dungeon Overview and Level Annotations

Branches:
Dungeon (4/15)
 Temple: D:4-7

Altars:
Hepliaklqana
Trog
Wu Jian
Xom


Message History

Enter note:
Enter note:
Enter note:
Enter note:
Enter note:
Enter note: The gnoll hits you from afar with a +0 halberd.
The gnoll hits you with a +0 spear.
You hit the gnoll.
The gnoll is moderately wounded.
The gnoll hits you but does no damage. You block the gnoll's attack.
The gnoll hits you with a +0 spear.
The gnoll hits you from afar with a +0 halberd!
You hit the gnoll.
The gnoll is severely wounded.
You hit the gnoll. You block the gnoll's attack. The gnoll barely misses you.
The gnoll completely misses you.
You completely miss the gnoll.
The gnoll is severely wounded.
You completely miss the gnoll.
The gnoll hits you from afar with a +0 halberd.
The gnoll hits you with a +0 spear. The gnoll closely misses you.
You hit the gnoll.
You kill the gnoll!
You hit the gnoll but do no damage. You block the gnoll's attack.
The gnoll hits you with a +2 whip of pain.
You hit the gnoll.
The gnoll is severely wounded.
The gnoll barely misses you. The gnoll closely misses you.
The gnoll hits you but does no damage.
The gnoll hits you from afar with a +0 halberd.
You slash the gnoll!
You kill the gnoll!
The gnoll hits you from afar with a +0 halberd.
The gnoll hits you with a +0 halberd.
You barely miss the gnoll. The gnoll hits you with a +0 halberd!
You die...

.##.#.#.# #..............
.##.#.#.# #... #..............
.##.#.#.# #...# #..............
.##.#.#.# #...# ############...
.##.#.#.# #...# #.....####.....
.##.....###...#####..............
#####.###...............####.#.##
......###......)).?.....# #.#.#
#######.'.......@g......# #.#.#
.######.#...............####.#.##
....?...........................>
.......................)####.#.#.
##......................'....#.#.
...........########.....######.#.
...#..#.......# #.....# #.#.
...#...######.################.#.
##.#...........<...............#.


You could see a gnoll.

Vanquished Creatures
  A black bear (D:4)
  An ogre (D:4)
  A hound (D:4)
  An iguana (D:4)
  3 gnolls
  4 adders
  2 worms
  A dart slug (D:2)
  An orc (D:3)
  2 bats
  4 endoplasms
  5 giant cockroaches
  3 hobgoblins
  A jackal (D:3)
  2 quokkas
  7 ball pythons
  3 frilled lizards
  6 goblins
  10 kobolds
  3 rats
61 creatures vanquished.

Notes
Turn   | Place    | Note
-------+----------+-------------------------------------------
     0 | D:1      | qw the Gargoyle Fighter began the quest for the Orb.
     0 | D:1      | Reached XP level 1. HP: 14/14 MP: 1/1
     0 | D:1      | 0 ||| qw: Version: 0.2-a-107-g4668610
     0 | D:1      | 0 ||| qw: Game counter: 1301
     0 | D:1      | 0 ||| qw: Always use a shield: true
     0 | D:1      | 0 ||| qw: God list: Okawaru
     0 | D:1      | 0 ||| qw: Allow faded altars: false
     0 | D:1      | 0 ||| qw: Do Orc after D:15 true
     0 | D:1      | 0 ||| qw: Do second Lair branch before Depths: true
     0 | D:1      | 0 ||| qw: Lair rune preference: random
     0 | D:1      | 0 ||| qw: Plans: Normal, Zot:1-4, Slime:5, God:TSO, Crypt,
                  | Tomb, Abyss, Pan, Hells, Win
     0 | D:1      | 0 ||| PLANNING D:1-11
   138 | D:1      | Reached skill level 2 in Axes
   430 | D:1      | Reached XP level 2. HP: 19/19 MP: 2/2
   770 | D:1      | 770 ||| READING 2 scrolls labelled GEWNEF JUESI.
   771 | D:1      | 771 ||| READING scroll labelled GAKHUG COUTILA.
   872 | D:1      | 872 ||| READING scroll labelled ZID FACALAHOOBB.
   873 | D:1      | 873 ||| READING scroll labelled XOMUTU PEVADAR.
   874 | D:1      | 874 ||| DROPPING scroll of amnesia.
  1043 | D:2      | Reached skill level 3 in Axes
  1052 | D:2      | Reached XP level 3. HP: 20/23 MP: 3/3
  1114 | D:2      | 1114 ||| Stepping ~*~*~tactically~*~*~ (hiding).
  1308 | D:2      | 1308 ||| Stepping ~*~*~tactically~*~*~ (stealth).
  1320 | D:2      | Found a faded altar of an unknown god.
  1550 | D:2      | 1550 ||| UPGRADING to ring of willpower.
  1551 | D:2      | 1551 ||| READING 2 scrolls labelled JAESHR YSAYSAS.
  1555 | D:2      | 1555 ||| READING scroll labelled GONEME HODGHAA.
  1556 | D:2      | 1556 ||| DRINKING 2 glowing amethyst potions.
  1673 | D:3      | Found a bloodstained altar of Trog.
  1673 | D:3      | Found an ornate altar of the Wu Jian Council.
  1814 | D:3      | Reached XP level 4. HP: 28/28 MP: 4/4
  1817 | D:3      | 1817 ||| DROPPING +0 whip.
  1845 | D:3      | 1845 ||| Stepping ~*~*~tactically~*~*~ (stealth).
  2012 | D:3      | Reached skill level 4 in Axes
  2340 | D:3      | 2340 ||| READING scroll labelled AMUECA BEUBB.
  2341 | D:3      | 2341 ||| READING 2 scrolls labelled DURIHO SIQEAHE.
  2342 | D:3      | 2342 ||| READING scroll labelled WYITENWOUFI.
  2343 | D:3      | 2343 ||| DROPPING scroll of immolation.
  2417 | D:4      | 2417 ||| Stepping ~*~*~tactically~*~*~ (stealth).
  2504 | D:4      | Reached XP level 5. HP: 32/32 MP: 5/5
  2580 | D:4      | Found a shimmering altar of Xom.
  2581 | D:4      | Found a hazy altar of Hepliaklqana.
  2581 | D:4      | Noticed a phantom
  2582 | D:4      | Noticed a spectral ugly thing
  2667 | D:4      | Noticed a black bear
  2683 | D:4      | Killed a black bear
  2684 | D:4      | Reached skill level 5 in Axes
  2684 | D:4      | Reached XP level 6. HP: 11/37 MP: 6/6
  2907 | D:4      | 2907 ||| Stepping ~*~*~tactically~*~*~ (stealth).
  2931 | D:4      | 2931 ||| Stepping ~*~*~tactically~*~*~ (hiding).
  2933 | D:4      | 2933 ||| Stepping ~*~*~tactically~*~*~ (hiding).
  2950 | D:4      | HP: 8/37 [gnoll/+0 halberd (5)]
  2951 | D:4      | 2951 ||| READING scroll of teleportation.
  2952 | D:4      | 2952 ||| DRINKING potion of heal wounds.
  3254 | D:4      | 3254 ||| Stepping ~*~*~tactically~*~*~ (stealth).
  3266 | D:4      | HP: 6/39 [gnoll/+0 halberd (4)]
  3268 | D:4      | HP: 2/39 [gnoll/+0 halberd (2)]
  3269 | D:4      | Mangled by a gnoll

Levels and vault maps discovered:
D:1:      onia_arrival_pentagram, layout_basic
D:2:      layout_rooms, shapermc_ecumenical_altar_totnotflames
D:3:      minmay_recursive_quarters, layout_basic,
          gammafunk_temple_overflow_pools
D:4:      minmay_clustersquares, layout_basic, regret_index_temple_of_mockery

Skill      XL: |  1  2  3  4  5  6 |
---------------+-------------------+-----
Axes           | 2 3 4 5 |  5.6
Fighting       | 4 |  4.3
Armour         | |  3.2
Dodging        | |  0.5
Shields        | |  3.2

Action                     |  1- 3 |  4- 6 || total
---------------------------+-------+-------++-------
  Melee: War axe           |   116 |   126 ||   242
    Use: Scroll            |     6 |     4 ||    10
         Potion            |     1 |     1 ||     2
 Armour: Scale mail        |    44 |    71 ||   115
  Dodge: Dodged            |    41 |    70 ||   111
  Block: Buckler           |    11 |    17 ||    28

Table legend:
 A = Non-vault XP
 B = Vault XP
 C = Vault XP percentage of total XP
 D = Non-vault monster count
 E = Vault monster count
 F = Vault count percentage of total count
                 A         B        C        D         E       F
            +---------+---------+-------+---------+---------+-------
      Total |     487 |      25 |   4.9 |      56 |       5 |   8.2
            +---------+---------+-------+---------+---------+-------
        D:1 |      14 |       0 |   0.0 |       9 |       0 |   0.0
        D:2 |      49 |       0 |   0.0 |      21 |       0 |   0.0
        D:3 |      15 |      25 |  62.5 |       8 |       5 |  38.5
        D:4 |     409 |       0 |   0.0 |      18 |       0 |   0.0
            +---------+---------+-------+---------+---------+-------
